Map: Oxide LE

Players

Thome

  • Race: Terran Terran
  • League: Diamond
  • Spawn Location: 1:00

Heeebster - Winner!

  • Race: Protoss Protoss
  • League: Diamond
  • Spawn Location: 7:00

VOD

Have the link to the VOD?

Description

Time

  • Played on: Nov. 15, 2020, 3:38 p.m.
  • Length: 9:29
Show
View Real Time Build Order
Export as new Build Order

Thome Terran 

Build Orders: Reaper Expand 

Get SALT Encoding   

  12  0:01  SCV  
  13  0:13  SCV  
  14  0:17  Supply Depot  
  14  0:25  SCV  
  15  0:39  SCV  
  15  0:41  Barracks  
  16  0:46  Refinery  
  16  0:51  SCV  
  17  1:03  SCV  
  18  1:16  SCV  
  19  1:28  Orbital Command  
  19  1:30  Reaper  
  20  1:43  Command Center  
  20  1:58  SCV  
  21  2:01  Bunker  
  21  2:07  Barracks Reactor  
  21  2:08  Barracks  
  21  2:14  SCV  
  22  2:18  Supply Depot  
  22  2:26  SCV  
  23  2:34  Factory  
  23  2:37  Refinery  
  23  2:43  SCV  
  24  2:44  Marine  
  24  2:46  Marine  
  26  2:55  SCV  
  27  3:03  Marine  
  29  3:06  Orbital Command  
  29  3:08  SCV  
  30  3:13  Barracks Tech Lab  
  29  3:21  Marine x2  
  29  3:23  SCV  
  32  3:35  Marine, Stimpack  
  32  3:37  Factory Tech Lab  
  33  3:41  SCV  
  33  3:42  Barracks  
  33  3:45  SCV  
  32  4:00  Marine x3  
  32  4:01  SCV x2  
  36  4:18  Marine x3  
  36  4:19  SCV  
  36  4:23  SCV  
  41  4:31  SCV  
  42  4:35  SCV, Marine  
  42  4:36  Engineering Bay  
  44  4:43  SCV  
  45  4:47  SCV, Supply Depot  
  45  4:49  Supply Depot  
  45  4:52  Marine x2  
  41  4:55  SCV  
  41  4:59  SCV  
  42  5:03  Marine  
  42  5:07  SCV  
  42  5:10  Marine x2  
  42  5:11  SCV  
  46  5:19  Combat Shield, SCV  
  46  5:20  Marine  
  48  5:21  Marine  
  48  5:28  Marine  
  50  5:29  Factory Reactor  
  50  5:30  SCV  
  50  5:31  Starport  
  50  5:35  Terran Infantry Weapons Level 1  
  51  5:40  Refinery  
  51  5:42  Marine x2  
  51  5:43  Marine, SCV  
  51  5:45  SCV  
  51  5:46  Marine  
  57  5:52  Supply Depot  
  57  5:55  Concussive Shells  
  57  5:56  SCV  
  58  6:01  Marauder x2  
  62  6:14  SCV  
  62  6:15  Supply Depot  
  63  6:20  Medivac  
  63  6:23  SCV  
  66  6:25  Command Center  
  66  6:26  SCV, Medivac  
  69  6:34  Supply Depot  
  69  6:36  SCV  
  69  6:37  Marauder  
  69  6:38  SCV  
  73  6:41  Missile Turret  
  73  6:42  Marauder  
  75  6:48  Supply Depot, SCV  
  75  6:50  SCV  
  75  6:51  Marine  
  78  7:00  SCV  
  79  7:02  Missile Turret  
  79  7:06  Medivac x2  
  79  7:07  Marine, Marauder  
  85  7:09  Marauder, Marine, SCV  
  85  7:13  Supply Depot  
  89  7:16  Supply Depot  
  89  7:17  SCV  
  89  7:20  Refinery  
  89  7:21  SCV  
  91  7:28  Armory  
  91  7:29  SCV, Terran Infantry Armor Level 1  
  92  7:33  SCV  
  93  7:42  Supply Depot, Orbital Command  
  93  7:44  Marine  
  93  7:45  Marine  
  93  7:46  Supply Depot  
  93  7:49  SCV x2  
  93  7:50  Marine  
  98  7:54  Supply Depot  
  95  8:01  SCV  
  96  8:09  Marine x2, Marauder  
  96  8:10  Marine  
  96  8:12  Viking x2  
  103  8:15  Supply Depot  
  105  8:26  Marine  
  104  8:28  Marauder  
  104  8:29  Marine  
  104  8:30  Marine  
  68  8:44  Marine  
  68  8:47  Marine  
  72  8:48  Marauder  
  72  8:50  Marauder  
  72  8:52  Viking  
  76  8:56  Medivac  
  76  8:58  SCV x2  
  76  9:02  Marine  
  81  9:04  Marine  
  84  9:11  Marine  
Show
View Real Time Build Order
Export as new Build Order

Heeebster Protoss - Winner!

Build Orders: Oracle Opening, Chargelot Immortal 

Get SALT Encoding   

  12  0:00  Probe  
  13  0:12  Probe (Chrono Boost)  
  14  0:16  Pylon  
  14  0:24  Probe (Chrono Boost)  
  15  0:30  Assimilator  
  15  0:33  Probe (Chrono Boost)  
  16  0:43  Gateway  
  16  0:46  Probe  
  17  0:58  Probe  
  18  1:10  Probe  
  19  1:16  Assimilator  
  19  1:21  Gateway  
  19  1:23  Probe  
  20  1:31  Cybernetics Core  
  20  1:35  Probe  
  21  1:44  Pylon  
  21  1:47  Probe  
  22  1:59  Probe  
  23  2:08  Stargate  
  23  2:12  Stalker (Chrono Boost)  
  23  2:13  Warp Gate  
  23  2:14  Stalker (Chrono Boost)  
  27  2:35  Pylon  
  27  2:52  Oracle (Chrono Boost)  
  30  3:04  Nexus  
  30  3:08  Pylon  
  30  3:22  Oracle (Chrono Boost)  
  30  3:27  Robotics Facility  
  33  3:29  Probe  
  34  3:41  Probe  
  35  3:53  Probe  
  35  3:54  Void Ray  
  40  4:06  Probe  
  41  4:18  Immortal (Chrono Boost)  
  41  4:20  Probe (Chrono Boost)  
  46  4:24  Probe (Chrono Boost)  
  48  4:34  Probe (Chrono Boost)  
  48  4:35  Probe (Chrono Boost)  
  49  4:39  Assimilator  
  49  4:41  Assimilator  
  49  4:42  Probe  
  50  4:52  Probe  
  48  4:54  Probe  
  48  4:55  Immortal (Chrono Boost)  
  53  5:04  Probe  
  53  5:06  Probe  
  52  5:12  Twilight Council  
  52  5:16  Forge, Probe (Chrono Boost)  
  52  5:19  Pylon  
  54  5:23  Probe (Chrono Boost)  
  54  5:28  Probe (Chrono Boost)  
  55  5:32  Immortal (Chrono Boost)  
  55  5:34  Probe x2 (Chrono Boost)  
  61  5:39  Protoss Ground Weapons Level 1  
  61  5:44  Gateway x2  
  61  5:45  Charge (Chrono Boost)  
  61  5:55  Gateway  
  61  6:03  Warp Prism  
  63  6:07  Gateway  
  63  6:13  Zealot  
  63  6:14  Zealot  
  63  6:18  Pylon  
  67  6:24  Probe  
  68  6:30  Void Ray  
  76  6:40  Immortal  
  76  6:49  Zealot  
  78  6:57  Pylon  
  78  6:59  Pylon  
  78  7:01  Pylon  
  78  7:02  Pylon  
  78  7:17  Zealot x6  
  78  7:21  Void Ray (Chrono Boost)  
  90  7:29  Gateway  
  90  7:31  Gateway  
  94  7:44  Zealot x3  
  94  7:45  Zealot x2  
  104  7:53  Pylon  
  104  7:54  Pylon  
  104  7:56  Pylon  
  104  8:14  Zealot x4  
  104  8:15  Zealot x2  
  104  8:16  Void Ray  
  78  8:43  Zealot x3  
  78  8:44  Zealot x3  
  90  8:57  Zealot  
  90  8:58  Zealot  
  76  9:27  Zealot  
Tags
 
Add a new tag
Caveats
  • Supply blocks, unpowered buildings, or Contaminate may cause inaccurate times.
  • Supply counts are checked every 10 seconds.